 Dungeon Crawl Stone Soup version 0.30-b1-2-g02819fbbbe (webtiles) character file.

Game seed: 3969159545679144827

64 YannSP the Conjurer (level 4, -6/27 HPs)
             Began as an Octopode Conjurer on Dec 15, 2023.
             Mangled by a gnoll
             ... wielding a +0 whip
              (9 damage)
             ... on level 1 of the Dungeon.
             The game lasted 00:02:06 (1522 turns).

YannSP the Conjurer (Octopode Conjurer)             Turns: 1522, Time: 00:02:07

Health: -6/27      AC:  1    Str:  6    XL:     4   Next: 12%
Magic:  1/8        EV: 13    Int: 22    God:
Gold:   50         SH:  0    Dex: 10    Spells: 7/8 levels left

rFire   . . .        c - +0 short sword
rCold   . . .        (no shield)
rNeg    . . .        (helmet restricted)
rPois   .            (no amulet)
rElec   .            d - ring of flight
rCorr   .            (no ring)
SInv    .            (no ring)
Will    .....        (no ring)
Stlth   +++          (no ring)
HPRegen 0.24/turn    (no ring)
MPRegen 0.11/turn    (no ring)
                     (no ring)

%: no passive effects
@: flying
A: almost no armour, amphibious, 8 rings, camouflage 1, gelatinous body 1,
(nimble swimmer 1), tentacles
a: no special abilities


You were on level 1 of the Dungeon.
You visited 1 branch of the dungeon, and saw 2 of its levels.

You collected 50 gold pieces.

Inventory:

Hand Weapons
 c - a +0 short sword (weapon)
Jewellery
 d - a ring of flight (left tentacle)
Wands
 i - a wand of flame (21)
Scrolls
 b - 2 scrolls of poison {unknown}
 e - 3 scrolls of identify {unknown}
 g - a scroll of immolation {unknown}
 h - a scroll of teleportation {unknown}
Potions
 a - a potion of magic
 f - a potion of flight {unknown}
 j - a potion of haste {unknown}


   Skills:
 + Level 0.9 Fighting
 + Level 2.3 Dodging
 + Level 3.3 Stealth
 * Level 2.6 Spellcasting
 * Level 4.6 Conjurations


You had 7 spell levels left.
You knew the following spells:

 Your Spells              Type           Power      Damage    Failure   Level
a - Magic Dart            Conj           92%        1d7       1%          1

Your spell library contained the following spells:

 Spells                   Type           Power      Damage    Failure   Level
 Searing Ray              Conj           46%        2d6       3%          2
 Dazzling Flash           Conj/Hex       26%        N/A       16%         3
 Call Imp                 Summ           4%         N/A       19%         2
 Mephitic Cloud           Conj/Pois/Air  9%         N/A       21%         3
 Fulminant Prism          Conj/Hex       6%         3d7       45%         4
 Iskenderun's Mystic Bla  Conj/Tloc      13%        2d5       45%         4


Dungeon Overview and Level Annotations

Branches:
Dungeon (2/15)

Altars:

Shops:
D:1 !


Innate Abilities, Weirdness & Mutations

You cannot wear most types of armour.
You are amphibious.
You can wear up to eight rings at the same time.
Your skin changes colour to match your surroundings (Stealth+).
Your rubbery body absorbs attacks. (AC +1, EV +1)
((You are camouflaged when in or above water. (Stealth+)))
You have tentacles for arms and can constrict up to eight enemies at once.


Message History

* * * LOW HITPOINT WARNING * * *
The gnoll attacks as you move away! The gnoll barely misses you.
The gnoll attacks as you move away! The gnoll barely misses you.
The gnoll attacks as you move away! The gnoll barely misses you.
The gnoll attacks as you move away! The gnoll closely misses you.
The gnoll attacks as you move away! The gnoll misses you.
The gnoll attacks as you move away! The gnoll hits you with a +0 whip.
* * * LOW HITPOINT WARNING * * *
The gnoll attacks as you move away! The gnoll hits you with a +0 whip.
* * * LOW HITPOINT WARNING * * *
There is a stone staircase leading up here.
The gnoll misses you.
You fly upwards.
There is a stone staircase leading down here.
The gnoll attacks as you move away! The gnoll barely misses you.
Casting: Magic Dart (safe; 1% risk of failure)
Confirm with . or Enter, or press ? or * to list all spells.
Aiming: Magic Dart (safe; 1% risk of failure)
Press: ? - help, Shift-Dir - straight line, f - gnoll
Aim: a gnoll, wielding a +0 whip (100% to hit)
The magic dart hits the gnoll.
The gnoll is lightly wounded.
The gnoll barely misses you.
Casting: Magic Dart (safe; 1% risk of failure)
Confirm with . or Enter, or press ? or * to list all spells.
Aiming: Magic Dart (safe; 1% risk of failure)
Press: ? - help, Shift-Dir - straight line, f/p - gnoll
Aim: a gnoll, wielding a +0 whip (lightly wounded, 100% to hit)
The magic dart hits the gnoll.
The gnoll is moderately wounded.
The gnoll barely misses you.
Casting: Magic Dart (safe; 1% risk of failure)
Confirm with . or Enter, or press ? or * to list all spells.
Aiming: Magic Dart (safe; 1% risk of failure)
Press: ? - help, Shift-Dir - straight line, f/p - gnoll
Aim: a gnoll, wielding a +0 whip (moderately wounded, 100% to hit)
The magic dart hits the gnoll.
The gnoll is moderately wounded.
The gnoll hits you with a +0 whip!
You die...

#......##..#......## #.# ##.
##.#....#......#.## #.# ##
#...##.#.###.##.# ###.# #
######.#.###.##.# ##...# ##
#.#.....##+####..#.# ##.
#.#.#.#.#.#.#.#(#.## ##.#
##..................###..#
##..#.#.#g#.#.#.#.#.##.#.##
##.........@..............##
#..∩.#.#.#.#.#.#.#.#.#......
##...)...................###
##..#.#.#.#.#.#.#.#.#...#
#......................#
##.#.#.#.#.#.#.#.#.##.##
#..................#.#
#.#.#.#.#.#.#.#.#.##.#
###.######..########.#


You could see a gnoll.

Vanquished Creatures
  Jessica (D:2)
  A gnoll (D:2)
  2 dart slugs
  5 bats
  An endoplasm (D:1)
  5 giant cockroaches
  3 goblins
  A quokka (D:2)
  4 kobolds
  2 rats
25 creatures vanquished.

Notes
Turn   | Place    | Note
-------+----------+-------------------------------------------
     0 | D:1      | YannSP the Octopode Conjurer began the quest for the Orb.
     0 | D:1      | Reached XP level 1. HP: 11/11 MP: 3/3
   234 | D:1      | Found a faded altar of an unknown god.
   306 | D:1      | Reached XP level 2. HP: 17/17 MP: 3/5
   720 | D:1      | Found Vamow's Distillery.
  1084 | D:2      | Noticed Jessica
  1088 | D:2      | Killed Jessica
  1089 | D:2      | Reached XP level 3. HP: 13/22 MP: 2/6
  1500 | D:2      | Reached XP level 4. HP: 27/27 MP: 2/8
  1516 | D:2      | HP: 1/27 [gnoll/+0 whip (5)]
  1522 | D:1      | Mangled by a gnoll

Illustrated notes

Levels and vault maps discovered:
D:1:      minmay_arrival_diagonal_passages, layout_loops_corners,
          hellmonk_ecumenical_altar_arch_garden, serial_shops, shop,
          st_stairs_11
D:2:      layout_basic, uniq_jessica

Skill      XL: |  1  2 |
---------------+-------+-----
Stealth        | 3 |  3.3
Fighting       | |  0.9
Dodging        | |  2.3
Spellcasting   | |  2.6
Conjurations   | |  4.6

Action                     |  1- 3 |  4- 6 || total
---------------------------+-------+-------++-------
  Melee: Unarmed           |     2 |       ||     2
         Constrict         |     1 |       ||     1
         Short sword       |     2 |     2 ||     4
   Cast: Magic Dart        |    49 |     3 ||    52
 Armour: Skin              |     1 |       ||     1
  Dodge: Dodged            |     5 |    10 ||    15
